| TOP OF THE 1ST |
|
New Orleans Zephyrs batting - Pitching for Lehigh Valley IronPigs : RHP Ken Tetzlaff
|
|
Pitching: RHP Ken Tetzlaff
|
|
|
Batting: RHB Boof Howell
|
0-0: Bunt missed! 0-1: Called Strike 0-2: Foul Ball, location: 2F 0-2: Ground out 5-3 (Groundball, 56S, EV 67.5 MPH)
|
|
Batting: LHB David Doge
|
0-0: Ball 1-0: Called Strike 1-1: Foul Ball, location: 2F 1-2: Fly out, F6 (Line Drive, 6, EV 70.6 MPH)
|
|
Batting: LHB Jose Bregaro
|
0-0: Foul Ball, location: 2F 0-1: Ball 1-1: Ball 2-1: Swinging Strike 2-2: Foul Ball, location: 2F 2-2: Strikes out swinging
|
| Top of the 1st over - 0 runs, 0 hits, 0 errors, 0 left on base; New Orleans 0 - Lehigh Valley 0 |
| BOTTOM OF THE 1ST |
|
Lehigh Valley IronPigs batting - Pitching for New Orleans Zephyrs : RHP Pat Proctor
|
|
Pitching: RHP Pat Proctor
|
|
|
Batting: RHB Mitch Boyd
|
0-0: Called Strike 0-1: Ball 1-1: Ball 2-1: Ground out 5-3 (Groundball, 56S, EV 85.6 MPH)
|
|
Batting: RHB Alberto Ramirez
|
0-0: Fly out, F8 (Flyball, 8LM, EV 88.8 MPH)
|
|
Batting: LHB Danny Hill
|
0-0: Swinging Strike 0-1: Ball 1-1: Foul Ball, location: 2F 1-2: Strikes out swinging
|
| Bottom of the 1st over - 0 runs, 0 hits, 0 errors, 0 left on base; New Orleans 0 - Lehigh Valley 0 |
| TOP OF THE 2ND |
|
New Orleans Zephyrs batting - Pitching for Lehigh Valley IronPigs : RHP Ken Tetzlaff
|
|
Batting: RHB Akira Suzuki
|
0-0: Ball 1-0: Ball 2-0: Called Strike 2-1: Ground out 4-3 (Groundball, 4, EV 103.8 MPH)
|
|
Batting: LHB Carlos Mosqueda
|
0-0: Swinging Strike 0-1: Ball 1-1: SINGLE (Line Drive, 4D, EV 106.9 MPH)
|
|
Batting: RHB Torquato Obawole
|
0-0: Ball 1-0: Ball 2-0: Called Strike 2-1: Grounds into double play, 6-4-3 (Groundball, 6, EV 80.0 MPH)
|
| Top of the 2nd over - 0 runs, 1 hit, 0 errors, 0 left on base; New Orleans 0 - Lehigh Valley 0 |
| BOTTOM OF THE 2ND |
|
Lehigh Valley IronPigs batting - Pitching for New Orleans Zephyrs : RHP Pat Proctor
|
|
Batting: LHB Jose Carlos
|
0-0: Ball 1-0: Ball 2-0: Ball 3-0: Base on Balls
|
|
Batting: RHB Chris Pounds
|
0-0: Called Strike 0-1: Ball 1-1: Foul Ball, location: 2F 1-2: Foul Ball, location: 2F 1-2: Foul Ball, location: 2F 1-2: Foul Ball, location: 2F 1-2: Ball 2-2: Ball 3-2: Ground out 6-3 (Groundball, 6, EV 98.8 MPH) Jose Carlos to second
|
|
Batting: SHB Phuck II
|
0-0: Swinging Strike 0-1: Ground out 6-3 (Groundball, 4MS, EV 67.5 MPH) Jose Carlos to third
|
|
Batting: RHB Moritake Fukumoto
|
0-0: Foul Ball, location: 2F 0-1: Ball 1-1: Ball 2-1: Fly out, F8 (Flyball, 8LXD, EV 85.0 MPH)
|
| Bottom of the 2nd over - 0 runs, 0 hits, 0 errors, 1 left on base; New Orleans 0 - Lehigh Valley 0 |
| TOP OF THE 3RD |
|
New Orleans Zephyrs batting - Pitching for Lehigh Valley IronPigs : RHP Ken Tetzlaff
|
|
Batting: RHB Jim Fisher
|
0-0: Ball 1-0: Foul Ball, location: 2F 1-1: Called Strike 1-2: Ball 2-2: Ball 3-2: Strikes out looking
|
|
Batting: RHB Gavin Helton
|
0-0: Fly out, F8 (Flyball, 8RM, EV 87.5 MPH)
|
|
Batting: RHB Ryuki Ogasawara
|
0-0: Ball 1-0: Foul Ball, location: 2F 1-1: Ground out 4-3 (Groundball, 4M, EV 106.9 MPH)
|
| Top of the 3rd over - 0 runs, 0 hits, 0 errors, 0 left on base; New Orleans 0 - Lehigh Valley 0 |
| BOTTOM OF THE 3RD |
|
Lehigh Valley IronPigs batting - Pitching for New Orleans Zephyrs : RHP Pat Proctor
|
|
Batting: RHB Kyle Reilly
|
0-0: Foul Ball, location: 2F 0-1: Swinging Strike 0-2: Ball 1-2: Foul Ball, location: 2F 1-2: Ball 2-2: Foul Ball, location: 2F 2-2: Foul Ball, location: 2F 2-2: Strikes out swinging
|
|
Batting: RHB Luis Arce
|
0-0: Ball 1-0: Foul Ball, location: 2F 1-1: Ball 2-1: Ball 3-1: Base on Balls
|
|
Batting: RHB Mitch Boyd
|
0-0: Fielders Choice at 2nd, 2-4 (Groundball, 15S, EV 65.0 MPH)
|
|
Batting: RHB Alberto Ramirez
|
0-0: Ball 1-0: Ball 2-0: Fly out, F8 (Flyball, 8RD, EV 100.0 MPH)
|
| Bottom of the 3rd over - 0 runs, 0 hits, 0 errors, 1 left on base; New Orleans 0 - Lehigh Valley 0 |
| TOP OF THE 4TH |
|
New Orleans Zephyrs batting - Pitching for Lehigh Valley IronPigs : RHP Ken Tetzlaff
|
|
Batting: RHB Boof Howell
|
0-0: Ball 1-0: Ball 2-0: Called Strike 2-1: Fly out, F8 (Flyball, 8LD, EV 105.0 MPH)
|
|
Batting: LHB David Doge
|
0-0: Swinging Strike 0-1: DOUBLE (Line Drive, 78M, EV 105.6 MPH)
|
|
Batting: LHB Jose Bregaro
|
0-0: Ground out U3 (Groundball, 3L, EV 76.2 MPH) David Doge to third
|
|
Batting: RHB Akira Suzuki
|
0-0: Ball 1-0: SINGLE (Groundball, 56S, EV 69.4 MPH) (infield hit) David Doge scores
|
|
Batting: LHB Carlos Mosqueda
|
0-0: Foul Ball, location: 2F 0-1: Foul Ball, location: 2F 0-2: Strikes out swinging
|
| Top of the 4th over - 1 run, 2 hits, 0 errors, 1 left on base; New Orleans 1 - Lehigh Valley 0 |
| BOTTOM OF THE 4TH |
|
Lehigh Valley IronPigs batting - Pitching for New Orleans Zephyrs : RHP Pat Proctor
|
|
Batting: LHB Danny Hill
|
0-0: Swinging Strike 0-1: Ball 1-1: SINGLE (Flyball, 7S, EV 95.0 MPH)
|
|
Batting: LHB Jose Carlos
|
0-0: Ball 1-0: Ball 2-0: Called Strike 2-1: Ball 3-1: Called Strike 3-2: SINGLE (Flyball, 8LS, EV 85.6 MPH) Danny Hill to second Danny Hill to third
|
|
Batting: RHB Chris Pounds
|
0-0: Called Strike 0-1: Ball 1-1: Ball 2-1: Ball 3-1: Fly out, F3 (Popup, 3F, EV 65.0 MPH)
|
|
Batting: SHB Phuck II
|
0-0: Ball 1-0: Swinging Strike 1-1: Fly out, F8 (Flyball, 8LM, EV 93.1 MPH) Runner from 3rd tags up, OUT at HOME! 8-2
|
| Bottom of the 4th over - 0 runs, 2 hits, 0 errors, 1 left on base; New Orleans 1 - Lehigh Valley 0 |
| TOP OF THE 5TH |
|
New Orleans Zephyrs batting - Pitching for Lehigh Valley IronPigs : RHP Ken Tetzlaff
|
|
Batting: RHB Torquato Obawole
|
0-0: Ball 1-0: Ball 2-0: Ground out 6-3 (Groundball, 6, EV 84.4 MPH)
|
|
Batting: RHB Jim Fisher
|
0-0: Called Strike 0-1: Ball 1-1: Ground out 5-3 (Groundball, 56, EV 101.2 MPH)
|
|
Batting: RHB Gavin Helton
|
0-0: Ball 1-0: Called Strike 1-1: Fly out, F6 (Popup, 6MS, EV 69.4 MPH)
|
| Top of the 5th over - 0 runs, 0 hits, 0 errors, 0 left on base; New Orleans 1 - Lehigh Valley 0 |
| BOTTOM OF THE 5TH |
|
Lehigh Valley IronPigs batting - Pitching for New Orleans Zephyrs : RHP Pat Proctor
|
|
Batting: RHB Moritake Fukumoto
|
0-0: Swinging Strike 0-1: Foul Ball, location: 2F 0-2: Ground out 5-3 (Groundball, 56, EV 82.5 MPH)
|
|
Batting: RHB Kyle Reilly
|
0-0: Ball 1-0: Ball 2-0: Ball 3-0: Base on Balls
|
|
Batting: RHB Luis Arce
|
0-0: Swinging Strike 0-1: Called Strike 0-2: Foul Ball, location: 2F 0-2: Ball 1-2: Grounds into double play, 5-4-3 (Groundball, 56, EV 105.0 MPH)
|
| Bottom of the 5th over - 0 runs, 0 hits, 0 errors, 0 left on base; New Orleans 1 - Lehigh Valley 0 |
| TOP OF THE 6TH |
|
New Orleans Zephyrs batting - Pitching for Lehigh Valley IronPigs : RHP Ken Tetzlaff
|
|
Batting: RHB Ryuki Ogasawara
|
0-0: Ball 1-0: Ball 2-0: Ball 3-0: Called Strike 3-1: Foul Ball, location: 2F 3-2: Fly out, F7 (Line Drive, 7, EV 91.9 MPH)
|
|
Batting: RHB Boof Howell
|
0-0: Fly out, F9 (Flyball, 9S, EV 82.5 MPH)
|
|
Batting: LHB David Doge
|
0-0: Fly out, F9 (Flyball, 89D, EV 94.4 MPH)
|
| Top of the 6th over - 0 runs, 0 hits, 0 errors, 0 left on base; New Orleans 1 - Lehigh Valley 0 |
| BOTTOM OF THE 6TH |
|
Lehigh Valley IronPigs batting - Pitching for New Orleans Zephyrs : RHP Pat Proctor
|
|
Batting: RHB Mitch Boyd
|
0-0: Called Strike 0-1: Fly out, F9 (Flyball, 9D, EV 100.6 MPH)
|
|
Batting: RHB Alberto Ramirez
|
0-0: Ball 1-0: Ball 2-0: Fly out, F8 (Flyball, 8RD, EV 77.5 MPH)
|
|
Batting: LHB Danny Hill
|
0-0: Ball 1-0: Ball 2-0: SINGLE (Groundball, 4D, EV 105.0 MPH)
|
|
Batting: LHB Jose Carlos
|
0-0: Ball 1-0: Called Strike 1-1: Ball 2-1: Foul Ball, location: 2F 2-2: Ball 3-2: Foul Ball, location: 2F 3-2: SINGLE (Popup, 4D, EV 51.2 MPH) Danny Hill to second Danny Hill to third
|
|
Batting: RHB Chris Pounds
|
0-0: Ball 1-0: Swinging Strike 1-1: SINGLE (Groundball, 6MD, EV 100.6 MPH) Danny Hill scores Jose Carlos to second
|
|
Batting: SHB Phuck II
|
0-0: Ball 1-0: Ball 2-0: Ball 3-0: Base on Balls Jose Carlos to third Chris Pounds to second
|
|
Batting: RHB Moritake Fukumoto
|
0-0: Ball 1-0: Called Strike 1-1: Swinging Strike 1-2: Ball 2-2: SINGLE (Line Drive, 8LS, EV 92.5 MPH) Jose Carlos scores Chris Pounds to third Phuck II to second
|
|
Pitching: LHP Gavrilo Brkic
|
|
|
Batting: RHB Kyle Reilly
|
0-0: Ball 1-0: SINGLE (Groundball, 6M, EV 95.6 MPH) (infield hit) Chris Pounds scores Phuck II to third Moritake Fukumoto to second
|
|
Batting: RHB Luis Arce
|
0-0: Called Strike 0-1: Foul Ball, location: 2F 0-2: Strikes out swinging
|
| Bottom of the 6th over - 3 runs, 5 hits, 0 errors, 3 left on base; New Orleans 1 - Lehigh Valley 3 |
| TOP OF THE 7TH |
|
New Orleans Zephyrs batting - Pitching for Lehigh Valley IronPigs : RHP Ken Tetzlaff
|
|
Batting: LHB Jose Bregaro
|
0-0: Foul Ball, location: 2F 0-1: Fly out, F6 (Popup, 6, EV 80.0 MPH)
|
|
Batting: RHB Akira Suzuki
|
0-0: Foul Ball, location: 2F 0-1: Called Strike 0-2: Foul Ball, location: 2F 0-2: Fly out, F8 (Flyball, 89M, EV 96.9 MPH)
|
|
Batting: LHB Carlos Mosqueda
|
0-0: Ball 1-0: Ground out U3 (Groundball, 3, EV 79.4 MPH)
|
| Top of the 7th over - 0 runs, 0 hits, 0 errors, 0 left on base; New Orleans 1 - Lehigh Valley 3 |
| BOTTOM OF THE 7TH |
|
Lehigh Valley IronPigs batting - Pitching for New Orleans Zephyrs : LHP Gavrilo Brkic
|
|
Batting: RHB Mitch Boyd
|
0-0: Called Strike 0-1: Ball 1-1: Foul Ball, location: 2F 1-2: Ball 2-2: Hit by Pitch
|
|
Batting: RHB Alberto Ramirez
|
0-0: Reached on error, E5 (Groundball, 5S, EV 43.8 MPH) Mitch Boyd to third
|
|
Batting: LHB Danny Hill
|
0-0: Ball 1-0: Foul Ball, location: 2F 1-1: Called Strike 1-2: Ground out U3 (Groundball, 34, EV 88.1 MPH)
|
|
Batting: LHB Jose Carlos
|
0-0: Ball 1-0: Ball 2-0: Ball 3-0: Called Strike 3-1: Fly out, F8 (Flyball, 8LD, EV 98.1 MPH) Runner from 3rd tags up, SCORES, no throw by CF
|
|
Batting: RHB Chris Pounds
|
0-0: Swinging Strike 0-1: Called Strike 0-2: Ball 1-2: Foul Ball, location: 2F 1-2: DOUBLE (Line Drive, 78D, EV 102.5 MPH) Alberto Ramirez scores
|
|
Batting: SHB Phuck II
|
0-0: Ball 1-0: Foul Ball, location: 2F 1-1: Foul Ball, location: 2F 1-2: Foul Ball, location: 2F 1-2: Ground out 5-3 (Groundball, 56S, EV 61.2 MPH)
|
| Bottom of the 7th over - 2 runs, 1 hit, 1 error, 1 left on base; New Orleans 1 - Lehigh Valley 5 |
| TOP OF THE 8TH |
|
New Orleans Zephyrs batting - Pitching for Lehigh Valley IronPigs : RHP Ken Tetzlaff
|
|
Batting: RHB Torquato Obawole
|
0-0: Called Strike 0-1: Ground out 3-1 (Groundball, 34, EV 85.6 MPH)
|
|
Batting: RHB Jim Fisher
|
0-0: Ball 1-0: Fly out, F8 (Flyball, 8LD, EV 83.1 MPH)
|
|
Batting: RHB Gavin Helton
|
0-0: Called Strike 0-1: Ball 1-1: Called Strike 1-2: SINGLE (Groundball, 4MD, EV 98.1 MPH)
|
|
Batting: RHB Ryuki Ogasawara
|
0-0: Ball 1-0: Ball 2-0: Called Strike 2-1: Fly out, F7 (Flyball, 7LS, EV 91.2 MPH)
|
| Top of the 8th over - 0 runs, 1 hit, 0 errors, 1 left on base; New Orleans 1 - Lehigh Valley 5 |
| BOTTOM OF THE 8TH |
|
Lehigh Valley IronPigs batting - Pitching for New Orleans Zephyrs : LHP Gavrilo Brkic
|
|
Pitching: RHP Giampaolo Nobile
|
|
|
Batting: RHB Moritake Fukumoto
|
0-0: Ball 1-0: Ball 2-0: Ball 3-0: Called Strike 3-1: Ground out 6-3 (Groundball, 6, EV 107.5 MPH)
|
|
Batting: RHB Kyle Reilly
|
0-0: Ball 1-0: Foul Ball, location: 2F 1-1: Ball 2-1: Ground out 5-3 (Groundball, 56S, EV 80.6 MPH)
|
|
Batting: RHB Luis Arce
|
0-0: Ball 1-0: Called Strike 1-1: Ball 2-1: SINGLE (Line Drive, 5D, EV 98.1 MPH)
|
|
Batting: RHB Mitch Boyd
|
0-0: Called Strike 0-1: Foul Ball, location: 2F 0-2: Ball 1-2: Foul Ball, location: 2F 1-2: Ball 2-2: Fly out, F6 (Popup, P, EV 86.9 MPH)
|
| Bottom of the 8th over - 0 runs, 1 hit, 0 errors, 1 left on base; New Orleans 1 - Lehigh Valley 5 |
| TOP OF THE 9TH |
|
New Orleans Zephyrs batting - Pitching for Lehigh Valley IronPigs : RHP Ken Tetzlaff
|
|
Batting: RHB Boof Howell
|
0-0: Swinging Strike 0-1: Ball 1-1: Foul Ball, location: 2F 1-2: Foul Ball, location: 2F 1-2: DOUBLE (Line Drive, 7LM, EV 100.0 MPH)
|
|
Batting: LHB David Doge
|
0-0: Foul Ball, location: 2F 0-1: Ball 1-1: Foul Ball, location: 2F 1-2: Foul Ball, location: 2F 1-2: Ground out U3 (Groundball, 3, EV 102.5 MPH) Boof Howell to third
|
|
Batting: LHB Jose Bregaro
|
0-0: Ball 1-0: Fly out, F5 (Popup, 15, EV 79.4 MPH)
|
|
Batting: RHB Akira Suzuki
|
0-0: Ground out 3-1 (Groundball, 34, EV 84.4 MPH)
|
| Top of the 9th over - 0 runs, 1 hit, 0 errors, 1 left on base; New Orleans 1 - Lehigh Valley 5 |
|